 Dungeon Crawl Stone Soup version 0.22.1-2-g9c5b331383 (webtiles) character file.

248 Jerry the Chopper (level 6, -3/51 HPs)
             Began as a Ghoul Gladiator on Nov 23, 2018.
             Slain by Crazy Yiuf
             ... wielding a +3 quarterstaff of chaos
              (4 damage)
             ... on level 2 of the Dungeon.
             The game lasted 00:06:52 (1834 turns).

Jerry the Chopper (Ghoul Gladiator)                 Turns: 1834, Time: 00:06:53

Health: -3/51      AC:  4    Str: 20    XL:     6   Next: 12%
Magic:  1/5        EV:  2    Int:  3    God:
Gold:   103        SH:  0    Dex: 10    Spells: 5/5 levels left

rFire    . . .     SeeInvis .   a - +0 war axe
rCold    + . .     Gourm    .   (no shield)
rNeg     + + +     Faith    .   b - +0 leather armour
rPois    ∞         Spirit   .   c - +0 helmet
rElec    .         Reflect  .   (no cloak)
rCorr    .         Harm     .   (no gloves)
MR       .....                  (no boots)
Stlth    ++........             (no amulet)
HPRegen  0.00/turn              (no ring)
MPRegen  0.09/turn              (no ring)

@: petrified, rotting, slowed
A: rotting body, claws 1, carnivore, cold resistance 1, negative energy
resistance 3, inhibited regeneration, torment resistance, unbreathing
a: no special abilities


You were on level 2 of the Dungeon.
You were not hungry.

You visited 1 branch of the dungeon, and saw 2 of its levels.

You collected 103 gold pieces.

Inventory:

Hand Weapons
 a - a +0 war axe (weapon)
Missiles
 d - 3 throwing nets (quivered)
Armour
 b - a +0 leather armour (worn)
 c - a +0 helmet (worn)
 m - a +2 shield
Scrolls
 h - a scroll of magic mapping
 l - 2 scrolls of identify
 n - a scroll of teleportation {unknown}
 o - a scroll of random uselessness {unknown}
 q - a scroll of remove curse {unknown}
Potions
 e - a potion of brilliance {unknown}
 i - a potion of ambrosia {unknown}
 j - a potion of berserk rage {unknown}
 k - a potion of degeneration {unknown}
 p - a potion of might {unknown}
Comestibles
 f - 4 rations
 g - a chunk of flesh


   Skills:
 + Level 3.5 Fighting
 * Level 4.3 Axes
 - Level 1.7 Throwing
 + Level 2.1 Armour
 - Level 2.6 Dodging
 + Level 2.7 Stealth


You had 5 spell levels left.
You didn't know any spells.
Your spell library was empty.

Dungeon Overview and Level Annotations

Branches:
Dungeon (2/15)

Altars:
Vehumet

Annotations:
D:2 Crazy Yiuf


Innate Abilities, Weirdness & Mutations

Your body is rotting away.
You thrive on raw meat.
You are immune to poison.
You have sharp fingernails.
You are carnivorous and can eat meat at any time.
Your flesh is cold resistant. (rC+)
You are immune to negative energy. (rN+++)
You do not regenerate when monsters are visible.
You are immune to unholy pain and torment.
You can survive without breathing.


Message History

Crazy Yiuf barely misses you.
You have turned to stone.
Crazy Yiuf flaps his cloak.
Crazy Yiuf hits you with a quarterstaff of chaos.
Crazy Yiuf hits you with a quarterstaff of chaos.
Crazy Yiuf hits you with a quarterstaff of chaos!
* * * LOW HITPOINT WARNING * * *
Crazy Yiuf hits you with a quarterstaff of chaos.
* * * LOW HITPOINT WARNING * * *
You feel your power leaking away.
Crazy Yiuf hits you with a quarterstaff of chaos.
* * * LOW HITPOINT WARNING * * *
You convulse.
* * * LOW HITPOINT WARNING * * *
Crazy Yiuf hits you with a quarterstaff of chaos.
* * * LOW HITPOINT WARNING * * *
Crazy Yiuf freezes you.
Crazy Yiuf hits you with a quarterstaff of chaos!
* * * LOW HITPOINT WARNING * * *
You convulse!
You die...

#....# #.#
#.# #..##.##
#....# #.#
#.# #.......
#....# #.##
### #...#.##
#....## #..#
#.#.#.##
......# #..#
#####
#.....##
#.....# #..#
#)..#
#.#.....
..###.###..#
#...#
#.#.#.#. ..#
#..^..##
#.g.#
#.#..... ..#
#.###.# #@#
#.#.#.#.
..###.###.##
♣.♣♣
#####.#.....
......##...#
♣♣.♣
#...#.#.#.#.
..##.......#
♣.♣♣
#...........
..##..#...##
♣♣.♣
#...........
......#....#
♣♣.♣♣
#....##..##.
##.#.......#
♣♣PP.♣
###.###.....
...#.......#
♣PPP.♣ #.#
#..##.
...........#
#....#
#.###..##.


You could see Crazy Yiuf.

Vanquished Creatures
  An ogre (D:2)
  A gnoll (D:2)
  6 adders (D:2)
  6 worms (D:2)
  5 dart slugs
  4 leopard geckos
  An orc (D:2)
  4 bats
  3 giant cockroaches (D:1)
  10 goblins
  10 hobgoblins
  14 kobolds
  A ball python (D:1)
  6 frilled lizards
  6 rats
78 creatures vanquished.

Notes
Turn   | Place    | Note
-------+----------+-------------------------------------------
     0 | D:1      | Jerry the Ghoul Gladiator began the quest for the Orb.
     0 | D:1      | Reached XP level 1. HP: 17/17 MP: 0/0
    64 | D:1      | Reached XP level 2. HP: 22/25 MP: 1/1
    94 | D:1      | Reached skill level 3 in Axes
    99 | D:1      | Reached skill level 1 in Stealth
   363 | D:1      | Reached XP level 3. HP: 22/30 MP: 2/2
   698 | D:1      | Reached skill level 1 in Armour
   979 | D:2      | Found a radiant altar of Vehumet.
   986 | D:2      | Reached XP level 4. HP: 37/37 MP: 3/3
  1156 | D:2      | Noticed an ogre
  1166 | D:2      | Killed an ogre
  1166 | D:2      | Reached skill level 4 in Axes
  1166 | D:2      | Reached XP level 5. HP: 6/45 MP: 4/4
  1535 | D:2      | Reached XP level 6. HP: 49/51 MP: 5/5
  1816 | D:2      | Found a runed door.
  1820 | D:2      | Noticed Crazy Yiuf
  1834 | D:2      | HP: 1/51 [Crazy Yiuf/quarterstaff of chaos (5)]
  1834 | D:2      | Slain by Crazy Yiuf

Skill      XL: |  1  2  3  4  5 |
---------------+----------------+-----
Axes           | 3 4 |  4.3
Stealth        | 1 2 |  2.7
Armour         | 1 2 |  2.1
Fighting       | 3 |  3.5
Throwing       | |  1.7
Dodging        | |  2.6

Action                   |  1- 3 |  4- 6 || total
-------------------------+-------+-------++-------
Melee: War axe           |   103 |   135 ||   238
  Use: Scroll            |     2 |       ||     2
 Stab: Sleeping          |     1 |     1 ||     2
  Eat: Chunk             |    27 |    32 ||    59
Armor: Leather armour    |    28 |    25 ||    53
Dodge: Dodged            |    79 |   106 ||   185
